 Dungeon Crawl Stone Soup version 0.18-b1-22-ge198996 (webtiles) character file.

627 benbatman the Ruffian (level 7, -4/61 HPs)
             Began as a Troll Artificer on May 3, 2016.
             Killed by nerve-wracking pain
             ... invoked by a shadow imp
             ... summoned by Eustachio
              (13 damage)
             ... on level 5 of the Dungeon.
             The game lasted 00:10:45 (3118 turns).

benbatman the Ruffian (Troll Artificer)             Turns: 3118, Time: 00:10:47

Health: -4/61      AC:  6    Str: 25    XL:     7   Next: 23%
Magic:  7/7        EV: 10    Int:  8    God:
Gold:   211        SH:  0    Dex: 12    Spells: 0 memorised, 6 levels left

rFire  . . .     SeeInvis .       - Unarmed
rCold  . . .     Gourm    +     w - +0 robe
rNeg   . . .     Faith    .     (no shield)
rPois  .         Spirit   .     (helmet restricted)
rElec  .         Dismiss  .     (no cloak)
rCorr  .         Reflect  .     (gloves unavailable)
SustAt .         Harm     .     (boots unavailable)
MR     .....                    (no amulet)
Stlth  +.........               (no ring)
                                s - +1 ring of protection

@: mighty, not resistant to hostile enchantments, very unstealthy
A: unfitting armour, claws 3, fast metabolism 3, gourmand, regeneration 2,
shaggy fur 1, tough skin 2
a: no special abilities


You were on level 5 of the Dungeon.
You were full.

You visited 1 branch of the dungeon, and saw 5 of its levels.
You also visited: Sewer.

You collected 211 gold pieces.

Inventory:

Hand Weapons
 a - a +0 short sword
 r - a +1 dagger of venom
 x - a cursed -2 giant spiked club
Armour
 w - a +0 robe (worn)
Jewellery
 s - a +1 ring of protection (left claw)
Wands
 c - a wand of flame (12/48)
 d - a wand of enslavement (14/24)
 e - a wand of random effects (15/48)
 z - a wand of random effects (21/48)
Scrolls
 l - a scroll of identify
 m - a scroll of immolation {unknown}
 t - a scroll of fog
 y - 3 scrolls of fear
 B - a scroll of teleportation
 E - a scroll of recharging {unknown}
Potions
 h - 3 potions of curing
 n - a potion of beneficial mutation {unknown}
 o - 2 potions of might
 q - 3 potions of flight {unknown}
 v - a potion of resistance {unknown}
 A - a potion of heal wounds {unknown}
 C - 2 potions of haste {unknown}
 D - a potion of magic {unknown}
 F - a potion of brilliance {unknown}
Comestibles
 f - 3 bread rations
 k - a royal jelly
 u - 2 beef jerkies


   Skills:
 - Level 0.7 Fighting
 - Level 0.7 Short Blades
 - Level 1.5 Dodging
 - Level 0.4 Stealth
 * Level 7.8 Unarmed Combat
 - Level 2.1 Evocations


You had 6 spell levels left.
You didn't know any spells.

Dungeon Overview and Level Annotations

Branches:
Dungeon (5/15)
 Temple: D:4-7

Altars:
Elyvilon
Qazlal
Sif Muna
Trog

Annotations:
D:4 Robin
D:5 Eustachio


Innate Abilities, Weirdness & Mutations

You are too large for most types of armour.
You have claws for hands.
Your metabolism is lightning-fast.
You like to eat raw meat.
You heal very quickly.
You are covered in fur (AC +1).
You have very tough skin (AC +2).


Message History

The iron imp hits you.
You closely miss the orc wizard.
The giant frog skeleton hits you but does no damage.
Something hits you. The orc hits you but does no damage.
The orc hits you with a whip. The shadow imp closely misses you.
The orc wizard closely misses you.
You claw the orc wizard!
The orc wizard is almost dead.
The giant frog skeleton hits you but does no damage.
You hear some strange, mumbled words.
A puff of frost appears from out of thin air!
The puff of frost hits you!
* * * LOW HITPOINT WARNING * * *
The iron imp hits you!
* * * LOW HITPOINT WARNING * * *
The orc hits you but does no damage. The orc barely misses you.
The shadow imp lashes its tail.
The shadow imp gestures at you. Pain shoots through your body!
You die...

*,,,,,,,,,,#.<.....###........
*,,,,,...,,#####.............)
******#..,,#..................
*,,,,,#...,#..................
*,,,,,#....#.....(............
*,,,,,.....#.(................
*,,,,,.....@.(........≈.......
*,,,,,......55.#..≈.≈≈≈≈≈.....
****,,,,,......Z@o#.≈≈#≈#≈####...
,,,,,,,,,......{oo#.≈≈≈≈≈≈≈≈≈#.##
*****,*,,.........#.########≈#.##
*****,***###......#.*≈#≈≈≈≈≈≈#...
,,,,,,,,,,,#.$....#,*≈#≈#≈####...
,****,****,#......#,*≈#≈#≈≈§§#...
,*,,,,,,,*,#......#,*≈*≈#≈##≈#...
,*,**,**,*,#......#,*≈*≈#≈≈#§#...
,*,*,,,*,*,***,,,**,*≈*≈##≈#§#...


You could see Eustachio, an iron imp, an orc wizard, a shadow imp, 2 orcs and a
giant frog skeleton.

Vanquished Creatures
  A sky beast (D:5)
  An ogre (D:3)
  2 big kobolds (Sewer)
  A crimson imp (D:5)
  A giant frog skeleton (D:3)
  A hound (D:5)
  A worker ant (D:5)
  A worker ant zombie (D:5)
  7 adders
  2 river rats (Sewer)
  An ooze (Sewer)
  2 worms (D:3)
  2 dart slugs
  A giant gecko (D:3)
  3 orcs (D:3)
  5 bats
  6 giant cockroaches
  13 goblins
  7 hobgoblins
  4 jackals (D:1)
  12 kobolds
  A quokka (D:2)
  4 ball pythons (Sewer)
  2 giant newts
  A jackal skeleton (D:5)
  13 rats
95 creatures vanquished.

Notes
Turn   | Place    | Note
--------------------------------------------------------------
     0 | D:1      | benbatman the Troll Artificer began the quest for the Orb.
     0 | D:1      | Reached XP level 1. HP: 18/18 MP: 1/1
    78 | D:1      | Reached skill level 1 in Unarmed Combat
    98 | D:1      | Reached XP level 2. HP: 21/26 MP: 2/2
   255 | D:1      | Reached skill level 2 in Unarmed Combat
   818 | D:2      | Reached XP level 3. HP: 26/32 MP: 3/3
   893 | D:2      | Reached skill level 3 in Unarmed Combat
  1229 | D:2      | Found a deep blue altar of Sif Muna.
  1443 | D:2      | Reached XP level 4. HP: 38/40 MP: 4/4
  1624 | D:3      | Reached skill level 4 in Unarmed Combat
  1802 | D:3      | Noticed an ogre
  1811 | D:3      | Killed an ogre
  1811 | D:3      | Reached skill level 5 in Unarmed Combat
  1811 | D:3      | Reached XP level 5. HP: 44/46 MP: 5/5
  2133 | D:3      | Found a stormy altar of Qazlal.
  2191 | D:4      | Noticed Robin
  2310 | D:5      | Entered Level 5 of the Dungeon
  2315 | D:5      | Reached XP level 6. HP: 50/54 MP: 6/6
  2322 | D:5      | Reached skill level 6 in Unarmed Combat
  2394 | D:5      | Found a white marble altar of Elyvilon.
  2449 | D:5      | Noticed a sky beast
  2457 | D:5      | Killed a sky beast
  2588 | D:5      | Found a bloodstained altar of Trog.
  2684 | D:5      | Found a glowing drain.
  2692 | Sewer    | Entered a sewer
  2728 | Sewer    | Reached skill level 7 in Unarmed Combat
  2733 | Sewer    | Reached XP level 7. HP: 53/61 MP: 7/7
  3106 | D:5      | Noticed Eustachio
  3118 | D:5      | Killed from afar by a shadow imp

Skill      XL: |  1  2  3  4  5  6 |
---------------+-------------------+-----
Unarmed Combat | 1 2 3 5 7 |  7.8
Fighting       | |  0.7
Short Blades   | |  0.7
Dodging        | |  1.5
Stealth        | |  0.4
Evocations     | |  2.1

Action                   |  1- 3 |  4- 6 |  7- 9 || total
-------------------------+-------+-------+-------++-------
Melee: Unarmed           |   123 |   121 |    39 ||   283
       Punch             |     2 |     2 |     2 ||     6
Evoke: Wand              |       |     4 |       ||     4
  Use: Scroll            |       |       |     9 ||     9
       Potion            |       |       |     1 ||     1
 Stab: Sleeping          |       |     2 |       ||     2
  Eat: Chunk             |    19 |     8 |     5 ||    32
Armor: Robe              |    41 |    35 |    11 ||    87
Dodge: Dodged            |    49 |    43 |    24 ||   116
